 Dungeon Crawl Stone Soup version 0.19.0-20-gbc5f0c6 (webtiles) character file.

3325 Jerry the Grappler (level 9, -3/84 HPs)
             Began as a Troll Monk on Nov 17, 2016.
             Slain by a vampire (13 damage)
             ... on level 9 of the Dungeon.
             The game lasted 00:21:19 (6375 turns).

Jerry the Grappler (Troll Monk)                     Turns: 6375, Time: 00:21:20

Health: -3/84      AC:  7    Str: 24    XL:     9   Next: 71%
Magic:  8/8        EV: 15    Int:  6    God:
Gold:   268        SH:  0    Dex: 20    Spells: 1 memorised, 7 levels left

rFire  . . .     SeeInvis .       - Unarmed
rCold  . . .     Gourm    +     K - +2 robe {MR+}
rNeg   . . .     Faith    .     (no shield)
rPois  .         Spirit   .     (helmet restricted)
rElec  .         Reflect  .     (no cloak)
rCorr  .         Harm     .     (gloves unavailable)
MR     +....                    (boots unavailable)
Stlth  ++........               I - amulet of magic regeneration
                                z - +3 ring of strength
                                d - +5 ring of dexterity

@: about to teleport
A: unfitting armour, claws 3, fast metabolism 3, gourmand, regeneration 1,
shaggy fur 1, tough skin 2
a: no special abilities


You were on level 9 of the Dungeon.
You were very full.

You visited 2 branches of the dungeon, and saw 10 of its levels.

You collected 580 gold pieces.
You spent 312 gold pieces at shops.

Inventory:

Missiles
 g - 5 large rocks (quivered)
Armour
 K - a +2 robe of magic resistance (worn)
Jewellery
 d - a +5 ring of dexterity (left claw)
 w - an uncursed ring of ice
 z - a +3 ring of strength (right claw)
 I - an amulet of magic regeneration (around neck)
Wands
 p - a wand of flame (18/48)
 t - a wand of flame (47/48)
 y - a wand of polymorph (9/24)
 E - a wand of iceblast (11/15)
Scrolls
 c - 2 scrolls of enchant weapon
 f - 2 scrolls of recharging
 h - 2 scrolls of fog
 j - 4 scrolls of identify
 k - 5 scrolls of immolation
 m - 2 scrolls of teleportation
 s - a scroll of amnesia
 v - 2 scrolls of remove curse
 B - a scroll of magic mapping
Potions
 e - 9 potions of curing
 i - 2 potions of brilliance
 n - 4 potions of might
 q - a potion of cure mutation
 r - a potion of magic
 x - 3 potions of agility
 C - 2 potions of flight
 D - 2 potions of haste
 H - a potion of berserk rage
 J - a potion of cancellation
Books
 F - a book of Misfortune

   Spells                             Type                      Level
   a - Confusing Touch                Hexes                        1
   b - Confuse                        Hexes                        3
   c - Gell's Gravitas                Hexes/Translocation          3
   d - Petrify                        Transmutation/Earth          4
   e - Metabolic Englaciation         Hexes/Ice                    5
   f - Yara's Violent Unravelling     Hexes/Transmutation          5
Comestibles
 b - 11 bread rations
 l - 2 meat rations
 o - 4 fruits
 u - a slice of pizza
 A - 6 beef jerkies


   Skills:
 - Level 4.0 Fighting
 + Level 6.6 Dodging
 - Level 1.0 Stealth
 * Level 10.6 Unarmed Combat
 + Level 2.4 Hexes


You had 7 spell levels left.
You knew the following spells:

 Your Spells              Type           Power        Failure   Level  Hunger
a - Confusing Touch       Hex            #.....       21%         1    ##.....


Dungeon Overview and Level Annotations

Branches:
Dungeon (9/15)             Temple (1/1) D:4
   Lair: D:8-11         Orc: D:9-12

Altars:
Ashenzari
Cheibriados
Dithmenos
Elyvilon
Fedhas
Gozag
Hepliaklqana
Kikubaaqudgha
Makhleb
Nemelex Xobeh
Okawaru
Qazlal
Ru
Sif Muna
Trog
Uskayaw
Vehumet
Xom
Yredelemnul
Zin
The Shining One

Shops:
D:6 !


Innate Abilities, Weirdness & Mutations

You are too large for most types of armour.
You have claws for hands.
Your metabolism is lightning-fast.
You like to eat raw meat.
Your natural rate of healing is unusually fast.
You are covered in fur. (AC +1)
You have very tough skin. (AC +2)


Message History

Deactivating autopickup; reactivate with Ctrl-A.
You bump into the rock wall.
Something hits you. Something bites you but does no damage.
You closely miss something. Something hits you! Something bites you.
Something draws strength from your injuries!
You feel less confused.
You scratch something but do no damage. You closely miss something.
Something hits you! Something bites you!
Something draws strength from your injuries!
You claw something! Something hits you! Something completely misses you.
You scratch something. Something barely misses you.
Something bites you but does no damage.
You closely miss something. You claw something.
Unholy energy fills the air.
* * * LOW HITPOINT WARNING * * *
As you read the scroll of teleportation, it crumbles to dust.
You feel strangely unstable. Something barely misses you. Something bites you.
* * * LOW HITPOINT WARNING * * *
Something draws strength from your injuries!
Something hits you!
You die...

# #. #..
#... #....
####
#..!..#..###
#.....'..{.#
#.....#...@#
#.....#.)..#
#.!.. #....#
..... #....#
.... #....#
.... ######


There were no monsters in sight!

Vanquished Creatures
  Pikel (D:8)
  An ice beast (D:5)
  An orc warrior (D:8)
  4 sky beasts
  5 ogres
  3 centaurs
  A big kobold (D:3)
  4 bullfrogs
  6 scorpions
  3 crimson imps
  2 bullfrog zombies
  A jelly (D:7)
  2 hounds (D:4)
  4 orc priests
  An orc wizard (D:4)
  Jessica (D:3)
  3 iguanas
  Natasha (thrice) (D:2 D:3)
  5 worker ants
  A hound zombie (D:5)
  2 hound skeletons
  7 gnolls (D:7)
  9 adders
  2 shadow imps (D:5)
  An ooze (D:2)
  An adder skeleton (D:6)
  5 worms
  4 dart slugs
  3 leopard geckos
  15 orcs
  11 giant cockroaches
  10 goblins
  12 hobgoblins
  9 jackals
  A quokka (D:4)
  A ball python (D:2)
  A ball python skeleton (D:4)
  17 bats
  6 frilled lizards
  13 kobolds
  7 rats
189 creatures vanquished.

Vanquished Creatures (others)
  2 slaves (D:8)
  A quasit (D:8)
  An orc wizard (D:8)
  A statue (D:8)
  A worker ant (D:8)
  A quokka (D:8)
  A fungus (D:5)
8 creatures vanquished.

Grand Total: 197 creatures vanquished

Notes
Turn   | Place    | Note
-------+----------+-------------------------------------------
     0 | D:1      | Jerry the Troll Monk began the quest for the Orb.
     0 | D:1      | Reached XP level 1. HP: 22/22 MP: 0/0
   206 | D:1      | Reached XP level 2. HP: 29/29 MP: 1/1
   864 | D:2      | Found a faded altar of an unknown god.
   874 | D:2      | Reached XP level 3. HP: 36/36 MP: 2/2
   963 | D:2      | Noticed Natasha
   970 | D:2      | Killed Natasha
   970 | D:2      | Reached skill level 4 in Unarmed Combat
  1132 | D:2      | Reached XP level 4. HP: 41/44 MP: 3/3
  1235 | D:2      | Noticed Natasha
  1245 | D:2      | Killed Natasha
  1494 | D:2      | Found a shimmering altar of Xom.
  1588 | D:3      | Found a hazy altar of Hepliaklqana.
  1622 | D:3      | Noticed a big kobold
  1629 | D:3      | Killed a big kobold
  1629 | D:3      | Reached XP level 5. HP: 49/53 MP: 4/4
  1683 | D:3      | Noticed Natasha
  1684 | D:3      | Killed Natasha
  1684 | D:3      | Reached skill level 5 in Unarmed Combat
  2072 | D:3      | Reached XP level 6. HP: 58/61 MP: 5/5
  2109 | D:3      | Noticed Jessica
  2116 | D:3      | Killed Jessica
  2652 | D:4      | Found a white marble altar of Elyvilon.
  2896 | D:4      | Reached skill level 6 in Unarmed Combat
  2896 | D:4      | Reached XP level 7. HP: 68/68 MP: 6/6
  3072 | D:4      | Found a staircase to the Ecumenical Temple.
  3086 | Temple   | Entered the Ecumenical Temple
  3577 | D:5      | Entered Level 5 of the Dungeon
  3677 | D:5      | You fall through a shaft for 3 floors!
  3695 | D:8      | Found a deep blue altar of Sif Muna.
  3696 | D:8      | Found a hide-covered altar of Uskayaw.
  3853 | D:6      | Reached skill level 7 in Unarmed Combat
  3872 | D:5      | Reached XP level 8. HP: 78/78 MP: 7/7
  3915 | D:5      | Reached skill level 5 in Dodging
  3925 | D:5      | Reached skill level 8 in Unarmed Combat
  4449 | D:5      | Reached skill level 9 in Unarmed Combat
  4563 | D:6      | Learned a level 1 spell: Confusing Touch
  4631 | D:6      | Found Saoth's Distillery.
  4640 | D:6      | Bought a potion of might for 52 gold pieces
  4640 | D:6      | Bought a potion of curing for 39 gold pieces
  4640 | D:6      | Bought a potion of haste for 130 gold pieces
  4640 | D:6      | Bought a potion of agility for 52 gold pieces
  4640 | D:6      | Bought a potion of flight for 39 gold pieces
  4902 | D:6      | Found an iron altar of Okawaru.
  5074 | D:7      | Reached XP level 9. HP: 77/84 MP: 8/8
  5087 | D:7      | Reached skill level 1 in Hexes
  5197 | D:7      | Found a burning altar of Makhleb.
  5746 | D:8      | Noticed Pikel
  5757 | D:8      | Killed Pikel
  5757 | D:8      | Reached skill level 10 in Unarmed Combat
  5902 | D:8      | Found a radiant altar of Vehumet.
  6375 | D:9      | Slain by a vampire

Skill      XL: |  1  2  3  4  5  6  7  8  9 |
---------------+----------------------------+-----
Unarmed Combat | 4 5 6 7 9 10 | 10.6
Dodging        | 3 4 5 6 |  6.6
Fighting       | 3 4 |  4.0
Hexes          | 2 |  2.4
Stealth        | |  1.0

Action                   |  1- 3 |  4- 6 |  7- 9 || total
-------------------------+-------+-------+-------++-------
Melee: Unarmed           |    63 |   165 |   213 ||   441
       Punch             |     1 |     6 |    13 ||    20
  Use: Scroll            |       |       |    21 ||    21
       Potion            |       |       |     2 ||     2
 Stab: Sleeping          |     6 |     6 |     6 ||    18
       Held in net/web   |       |       |     1 ||     1
       Distracted        |       |       |     1 ||     1
  Eat: Chunk             |    16 |    16 |    31 ||    63
Armor: Robe              |    24 |    32 |    53 ||   109
Dodge: Dodged            |    36 |    83 |   103 ||   222
